 Dungeon Crawl Stone Soup version 0.20-a0-949-g916514f (webtiles) character file.

194 Hybris the Charmwright (level 5, 0/39 HPs)
             Began as a Vampire Skald on Apr 4, 2017.
             Slain by a hippogriff (5 damage)
             ... on level 4 of the Dungeon.
             The game lasted 00:10:44 (6296 turns).

Hybris the Charmwright (Vampire Skald)              Turns: 6296, Time: 00:10:45

Health: 0/39       AC:  7    Str: 10    XL:     5   Next: 44%
Magic:  4/9        EV: 12    Int: 17    God:
Gold:   125        SH:  0    Dex: 13    Spells: 6/9 levels left

rFire    . . .     SeeInvis +   a - +0 falchion
rCold    + . .     Gourm    .   (no shield)
rNeg     + + .     Faith    .   b - +0 leather armour
rPois    +         Spirit   .   q - +2 helmet
rElec    .         Reflect  .   p - +0 cloak
rCorr    .         Harm     .   (no gloves)
MR       .....                  (no boots)
Stlth    ++........             (no amulet)
Regen    0.1/turn               j - ring of fire
MPRegen  0.2/turn               m - ring of ice

@: infused, regenerating slowly, hasted, very quick
A: fangs 3, see invisible, unbreathing
a: Bat Form


You were on level 4 of the Dungeon.
You were very thirsty.

You visited 1 branch of the dungeon, and saw 4 of its levels.

You collected 125 gold pieces.

Inventory:

Hand Weapons
 a - a +0 falchion (weapon)
Armour
 b - a +0 leather armour (worn)
 p - a +0 cloak (worn)
 q - a +2 helmet (worn)
Jewellery
 j - a ring of fire (left hand)
 m - a ring of ice (right hand)
Wands
 s - a wand of clouds (3/9)
Scrolls
 f - 5 scrolls of identify
 h - 5 scrolls of teleportation {unknown}
 i - a scroll of enchant armour {unknown}
 l - 2 scrolls of amnesia {unknown}
 n - a scroll of random uselessness {unknown}
 r - a scroll of fog {unknown}
 u - 2 scrolls of remove curse {unknown}
Potions
 d - 14 potions of blood
 e - 3 potions of curing {unknown}
 g - a potion of haste
 k - a potion of agility {unknown}
 o - 2 potions of heal wounds {unknown}
 t - a potion of cancellation {unknown}
 v - a potion of berserk rage {unknown}
Books
 c - a book of Battle

   Spells                             Type                      Level
   a - Infusion                       Charms                       1
   b - Shroud of Golubria             Charms/Translocation         2
   c - Song of Slaying                Charms                       2
   d - Spectral Weapon                Hexes/Charms                 3
   e - Regeneration                   Charms/Necromancy            3


   Skills:
 + Level 2.6 Fighting
 * Level 3.9 Long Blades
 - Level 0.7 Armour
 - Level 2.1 Dodging
 + Level 2.8 Spellcasting
 + Level 4.4 Charms


You had 6 spell levels left.
You knew the following spells:

 Your Spells              Type           Power        Failure   Level  Hunger
a - Infusion              Chrm           ###.         4%          1    #......
b - Song of Slaying       Chrm           ###.....     8%          2    ##.....


Dungeon Overview and Level Annotations

Branches:
Dungeon (4/15)
 Temple: D:4-7

Altars:


Innate Abilities, Weirdness & Mutations

You heal slowly.
You have razor-sharp teeth.
You have supernaturally acute eyesight. (SInv)
You can survive without breathing.


Message History

You hit the hippogriff. Your bite misses the hippogriff.
The hippogriff is lightly wounded.
The hippogriff bites you!
The hippogriff pecks you but does no damage.
The hippogriff claws you.
* * * LOW HITPOINT WARNING * * *
The hippogriff barely misses you. x2
The hippogriff claws you but does no damage.
Okay, then.
You hit the hippogriff!
The hippogriff is moderately wounded.
The hippogriff bites you but does no damage.
The hippogriff barely misses you. x2
You hit the hippogriff.
The hippogriff is heavily wounded.
The hippogriff closely misses you. The hippogriff pecks you.
* * * LOW HITPOINT WARNING * * *
The hippogriff barely misses you.
You feel yourself speed up. The hippogriff bites you.
You die...

..#.# #.........#
#.# #.#.#
#.######### #.#
#.#.#<# #.# #.#
#(#.#.# #.# #.#
#.#.#.# #.# #.#
#.#.#.# #.# #.#
#.#'#.# #.# #.#
#.....# #.# #.#
###.....# #@# #.#
#.......# #H# #.#
#.......#####.#
#######.#
#..#........#.#
#.......#
##.)#........#.#
#.......#
#...#........#.#
##.......#
##...####.....#..
.........#
##.....#
#.....###
######.#.#
.......# #.....#
#.#.#


You could see a hippogriff.

Vanquished Creatures
  A hound (D:3)
  Ijyb (D:3)
  A hound skeleton (D:4)
  3 adders
  3 worms
  2 dart slugs
  2 leopard geckos
  7 orcs
  A ball python (D:3)
  3 giant cockroaches
  2 goblins
  14 hobgoblins
  7 jackals
  8 kobolds
  2 quokkas
  10 bats
  4 frilled lizards
  6 rats
77 creatures vanquished.

Notes
Turn   | Place    | Note
-------+----------+-------------------------------------------
     0 | D:1      | Hybris the Vampire Skald began the quest for the Orb.
     0 | D:1      | Reached XP level 1. HP: 16/16 MP: 3/3
   373 | D:1      | Reached XP level 2. HP: 22/22 MP: 5/5
   955 | D:1      | Reached XP level 3. HP: 18/27 MP: 0/6
  1051 | D:1      | Learned a level 2 spell: Song of Slaying
  2948 | D:2      | Reached skill level 4 in Charms
  2948 | D:2      | Reached XP level 4. HP: 33/33 MP: 7/7
  4726 | D:3      | Reached XP level 5. HP: 39/39 MP: 7/9
  4767 | D:3      | Noticed a two-headed ogre
  5706 | D:3      | Noticed Ijyb
  5721 | D:3      | Killed Ijyb
  6282 | D:4      | Noticed a hippogriff
  6296 | D:4      | Slain by a hippogriff

Vault maps used:
D:1:      minmay_arrival_shattered_statue, minmay_door_square,
          roderic_serpentine_path, hangedman_decor_points
D:3:      eino_tiny_chamber, uniq_iyjb
D:4:      dancing_weapons_uskayaw, gammafunk_temple_overflow_wave,
          gammafunk_temple_overflow_elements, first_bread

Skill      XL: |  1  2  3 |
---------------+----------+-----
Fighting       | 2 |  2.6
Long Blades    | 3 |  3.9
Charms         | 4 |  4.4
Armour         | |  0.7
Dodging        | |  2.1
Spellcasting   | |  2.8

Action                   |  1- 3 |  4- 6 || total
-------------------------+-------+-------++-------
Melee: Falchion          |   127 |   140 ||   267
       Bite              |    14 |    15 ||    29
 Cast: Infusion          |     5 |     7 ||    12
       Song of Slaying   |       |     3 ||     3
  Use: Potion            |     2 |     7 ||     9
       Scroll            |     1 |       ||     1
 Stab: Sleeping          |     7 |     4 ||    11
       Distracted        |     2 |       ||     2
Armor: Leather armour    |    34 |    51 ||    85
Dodge: Dodged            |    89 |   120 ||   209
       Rpst.: Falchion   |    26 |    41 ||    67
